 Dungeon Crawl Stone Soup version 0.24.0-125-gc4c63601f3 (webtiles) character file.

Game seed: 6886204994669324767, levelgen mode: deterministic

595 Amplified the Cudgeler (level 7, -13/44 HPs)
             Began as a Gargoyle Gladiator on Mar 14, 2020.
             Mangled by an ogre
             ... wielding a +0 giant spiked club
              (25 damage)
             ... on level 5 of the Dungeon.
             The game lasted 00:07:49 (2634 turns).

Amplified the Cudgeler (Gargoyle Gladiator)         Turns: 2634, Time: 00:07:49

Health: -13/44     AC: 13    Str: 19    XL:     7   Next: 40%
Magic:  7/7        EV: 10    Int:  8    God:
Gold:   190        SH:  5    Dex: 12    Spells: 6/6 levels left

rFire    . . .     SeeInvis .   a - +1 flail
rCold    . . .     Gourm    .   p - +0 buckler
rNeg     + . .     Faith    .   h - +0 scale mail
rPois    ∞         Spirit   .   c - +1 helmet
rElec    +         Reflect  .   m - +0 cloak (curse)
rCorr    .         Harm     .   (no gloves)
MR       .....                  (no boots)
Stlth    ..........             (no amulet)
HPRegen  0.14/turn              l - ring of wizardry
MPRegen  0.10/turn              (no ring)

@: marked
A: negative energy resistance 1, electricity resistance, unbreathing,
petrification resistance, rot immunity, AC +4
a: no special abilities


You were on level 5 of the Dungeon.
You were not hungry.

You visited 1 branch of the dungeon, and saw 7 of its levels.

You collected 190 gold pieces.

Inventory:

Hand Weapons
 a - a +1 flail (weapon)
Missiles
 e - 9 poisoned darts (quivered)
Armour
 b - a +0 leather armour
 c - a +1 helmet (worn)
 h - a +0 scale mail (worn)
 m - a cursed +0 cloak (worn)
 p - a +0 buckler (worn)
Jewellery
 l - a ring of wizardry (left hand)
Scrolls
 j - a scroll of remove curse
Comestibles
 f - 5 rations


   Skills:
 * Level 5.3 Fighting
 * Level 5.3 Maces & Flails
 - Level 2.1 Throwing
 - Level 2.7 Dodging
 * Level 3.9 Shields


You had 6 spell levels left.
You didn't know any spells.
Your spell library was empty.

Dungeon Overview and Level Annotations

Branches:
Dungeon (7/15)
 Temple: D:4-7

Altars:
Dithmenos
Elyvilon
Qazlal
Xom
Yredelemnul

Shops:
D:4 :

Annotations:
D:4 Blork the orc, Dowan, Duvessa
D:5 Grinder


Innate Abilities, Weirdness & Mutations

You are resistant to torment.
Your stone body is resilient. (AC +4)
You are immune to poison.
You resist negative energy. (rN+)
You are resistant to electric shocks. (rElec)
You can survive without breathing.
You are immune to petrification.
You are immune to rotting.


Message History

Okay, then.
You aren't carrying any potions.
Unknown command.
An ogre comes into view. It is wielding a +0 giant club.
The ogre shouts!
Grinder blinks!
The phantom pulls the alarm!
The alarm trap emits a blaring wail!
A sentinel's mark forms upon you.
You hear a shout! x15
A centaur zombie comes into view.
All of the chunks of flesh in your inventory have rotted away.
An ogre comes into view. It is wielding a +0 giant spiked club.
The ice beast hits you but does no damage.
An ice beast comes into view.
The ice beast completely misses you.
Found a white marble altar of Elyvilon.
The phantom blinks!
The ogre hits you with a +0 giant spiked club!!
Ouch! That really hurt!
You die...

..... .....
#...........
#..._......#
.......#...#
###.....#.#.##
..#.......... .Z
........O..#....
.....#...@# ......
.....#.YOZ##.....#
......Y.#....#....
........#5........
.......§#.........
............W.....
.#.#............#
##.............#
##...........##


You could see Grinder, a phantom, 2 ice beasts, 2 ogres and a centaur zombie.

Vanquished Creatures
  3 bullfrogs (D:6)
  A scorpion (D:6)
  2 orc priests (D:6)
  4 orc wizards (D:6)
  Jessica (D:2)
  A worker ant (D:6)
  A worker ant zombie (D:6)
  3 adders
  3 gnolls (D:3)
  A worm (D:2)
  A dart slug (D:1)
  3 leopard geckos
  13 orcs
  4 bats
  4 giant cockroaches (D:1)
  6 goblins
  A hobgoblin (D:1)
  3 jackals
  A frilled lizard (D:1)
  A jackal skeleton (D:6)
  6 kobolds
  A rat (D:2)
64 creatures vanquished.

Notes
Turn   | Place    | Note
-------+----------+-------------------------------------------
     0 | D:1      | Amplified the Gargoyle Gladiator began the quest for the
                  | Orb.
     0 | D:1      | Reached XP level 1. HP: 12/12 MP: 1/1
   181 | D:1      | Reached XP level 2. HP: 16/18 MP: 2/2
   475 | D:1      | Reached XP level 3. HP: 20/22 MP: 3/3
   821 | D:2      | Noticed Jessica
   833 | D:2      | Killed Jessica
   988 | D:2      | Found a stormy altar of Qazlal.
  1301 | D:2      | Found a basalt altar of Yredelemnul.
  1374 | D:2      | Reached XP level 4. HP: 21/28 MP: 4/4
  1460 | D:2      | Found a glowing golden altar of the Shining One.
  1462 | D:2      | Found a snail-covered altar of Cheibriados.
  1462 | D:2      | Found a blossoming altar of Fedhas.
  1464 | D:2      | Found a stormy altar of Qazlal.
  1464 | D:2      | Found a shimmering blue altar of Sif Muna.
  1464 | D:2      | Found a shimmering altar of Xom.
  1729 | D:4      | Found Warot's Book Shop.
  1729 | D:4      | Noticed Blork the orc
  1729 | D:4      | Noticed Duvessa
  1730 | D:4      | Noticed Dowan
  1782 | D:3      | Reached skill level 1 in Shields
  1881 | D:3      | You fall into a shaft and drop 3 floors!
  1881 | D:6      | Noticed a bullfrog
  1896 | D:6      | Killed a bullfrog
  1896 | D:6      | Reached XP level 5. HP: 27/33 MP: 5/5
  1932 | D:6      | Reached XP level 6. HP: 17/38 MP: 6/6
  1968 | D:7      | Identified the +7 hand axe "Enytai" {chop, +Rage rPois rN++
                  | Str-5}
  2188 | D:6      | Found a shadowy altar of Dithmenos.
  2254 | D:6      | Reached skill level 5 in Maces & Flails
  2254 | D:6      | Reached XP level 7. HP: 32/44 MP: 7/7
  2261 | D:6      | Reached skill level 5 in Fighting
  2627 | D:5      | Entered Level 5 of the Dungeon
  2627 | D:5      | Noticed Grinder
  2632 | D:5      | Found a white marble altar of Elyvilon.
  2634 | D:5      | Mangled by an ogre

Levels and vault maps discovered:
D:1:      giann_forest_graveyard, layout_loops_ring, serial_bayou,
          serial_bayou_pond_e, serial_bayou_lagoon_a, serial_bayou_ford_a,
          serial_bayou_crossing, st_stairs_9
D:2:      layout_loops_ring, lemuel_round_altar, doesnt_xom_only_xom,
          yredelemnul_altar_generic, uniq_jessica
D:3:      layout_rooms, minmay_close_crescents, uniq_sigmund
D:4:      layout_rooms, gammafunk_temple_overflow_claw, serial_shops, shop,
          first_ration, ebering_ghost_sewer_f, uniq_blork_the_orc,
          uniq_menkaure, uniq_duvessa
D:5:      layout_cave_pools, tso_metal_star, temple_green, basic_altar,
          corexii_corridor_pit, minmay_ogre_servants, uniq_grinder
D:6:      layout_basic, old_standard_altar, uniq_eustachio
D:7:      layout_rooms, lemuel_crystal_altar, overflow_temple_1_default,
          serial_co_window_serial, co_window_paths_a, co_window_paths_a,
          co_window_paths_b, co_window_corner_a, co_window_paths_b,
          co_window_corner_b, co_window_unsneaky_path_d, co_window_cross_2,
          co_window_of_opportunity_b, co_window_unsneaky_path_e,
          co_window_corner_cb, co_window_paths_c, glass_columns_a,
          glass_columns_a

Skill      XL: |  1  2  3  4  5  6  7 |
---------------+----------------------+-----
Fighting       | 3 4 5 |  5.3
Throwing       | 2 |  2.1
Shields        | 2 3 |  3.9
Maces & Flails | 4 5 |  5.3
Dodging        | |  2.7

Action                   |  1- 3 |  4- 6 |  7- 9 || total
-------------------------+-------+-------+-------++-------
Melee: Flail             |    85 |   111 |    41 ||   237
Throw: Dart              |     2 |    15 |    14 ||    31
       Throwing net      |       |     3 |     1 ||     4
Evoke: Wand              |       |     4 |     5 ||     9
  Use: Scroll            |     2 |     5 |     2 ||     9
       Potion            |     1 |     4 |       ||     5
 Stab: Invisible         |       |     1 |       ||     1
  Eat: Chunk             |     2 |     2 |     2 ||     6
Armor: Scale mail        |    40 |    94 |    35 ||   169
       Skin              |     4 |     3 |       ||     7
Dodge: Dodged            |    47 |    97 |    28 ||   172
Block: Buckler           |       |    31 |    12 ||    43
